[Event "Early-Titled-Tuesday-Blitz-September-12-2023"]
[Site "Chess.com"]
[Date "2023.09.12"]
[Round "10"]
[White "esrosenberg"]
[Black "Chessdreamer2020"]
[Result "0-1"]
[WhiteElo "2359"]
[BlackElo "2520"]
[TimeControl "180+1"]
[EndTime "9:57:22 PDT"]
[Termination "Chessdreamer2020 won by checkmate"]

1. d4 d6 2. e4 Nf6 3. Nc3 c6 4. Nf3 Bg4 5. Be2 e6 6. h3 Bxf3 7. Bxf3 d5 8. O-O Bb4 9. e5 Nfd7 10. Bd2 O-O 11. Ne2 Be7 12. c3 c5 13. g3 Nc6 14.
Bg2 Rc8 15. a3 Qb6 16. Be3 cxd4 17. cxd4 Qxb2 18. Rb1 Qxa3 19. Rxb7 Rfd8 20. Qa1 Rb8 21. Rc7 Rbc8 22. Rb7 Qxa1 23. Rxa1 Kf8 24. f4 g6 25.
g4 Nb6 26. f5 gxf5 27. gxf5 exf5 28. Bh6+ Ke8 29. Kh2 Rd7 30. Rxd7 Kxd7 31. Nf4 Rc7 32. Bxd5 Nxd5 33. Nxd5 Rb7 34. Be3 Rb3 35. Bg1 Bh4 36. Ne3 Nxd4 37. Rxa7+ Ke6 38. Ra6+ Kxe5 39. Nc4+ Kd5 40.
Bxd4 Kxd4 41. Nd6 Bg3+ 42. Kg2 Bxd6 43. Rxd6+ Ke5 44. Rd7 Ke6 45. Rd8 Kf6 46. Rg8 h5 47. h4 Rb4 48. Kh3 Rg4 49. Rh8 Kg6 50. Rg8+ Kh7 51.
Rf8 Kg7 52. Ra8 Kg6 53. Rg8+ Kh7 54. Rf8 Kg7 55. Ra8 Rc4 56. Ra5 Rf4 57. Rb5 Kg6 58.
Rb6+ f6 59. Rb7 Rf3+ 60. Kg2 Rc3 61. Rb8 f4 62. Rb4 Kf5 63. Rb5+ Kg4 64. Rb6 Rc2+ 65.
Kf1 Kf3 66. Ke1 Rh2 67. Rxf6 Rxh4 68. Kf1 Rh1# 0-1

[Event "Early-Titled-Tuesday-Blitz-September-12-2023"]
[Site "Chess.com"]
[Date "2023.09.12"]
[Round "10"]
[White "Andreikka"]
[Black "mishanick"]
[Result "1/2-1/2"]
[WhiteElo "3020"]
[BlackElo "3075"]
[TimeControl "180+1"]
[EndTime "9:57:23 PDT"]
[Termination "Game drawn by repetition"]

1. Nf3 d5 2. g3 g6 3. Bg2 Bg7 4. d4 c6 5. O-O Nf6 6. c4 O-O 7. Ne5 Be6 8. cxd5 Bxd5 9. Nc3 Bxg2 10. Kxg2 Nbd7 11. Nf3 Re8 12. Qb3 Qb6 13. e4 Qxb3 14. axb3 e6 15. h3 a6 16. Be3 Rad8 17. Rfe1 e5 18.
dxe5 Nxe5 19. Nxe5 Rxe5 20. f4 Ree8 21. Kf3 Rd3 22.
Red1 Red8 23. Rxd3 Rxd3 24. Ra4 Ne8 25. e5 f6 26. Rb4 fxe5 27. fxe5 b5 28. Rd4 Rxd4 29.
Bxd4 Nc7 30. Ne4 Ne6 31. Ke3 Kf7 32. b4 Ke7 33. Bc3 Bh6+ 34. Kd3 Bg7 35. h4 h5 36. Ke3 Kd7 37. Kf3 Ke7 38. g4 hxg4+ 39. Kxg4 Bh6 40. Nf2 Be3 41. Nd3 Kf7 42. Kf3 Bd4 43. Ke4 Bb6 44.
Bd2 Bd8 45. Be1 Be7 46. Bf2 Ke8 47. Kf3 Kf7 48. Kg4 Bf8 49. Be3 Be7 50. Bd2 Bd8 51. Be3 Bc7 52. Bf2 Bd8 53. Be3 Kg7 54. Bd2 Be7 55. h5 gxh5+ 56. Kxh5 Nd4 57. Kg4 Kf7 58. Bc3 Ne2 59. Kf5 Ng3+ 60. Kf4 Nh5+ 61. Kg4 Ng7 62. Nf4 Ne6 63. Kf5 Nxf4 64. Kxf4 Ke6 65. Ke4 Bd8 66. Bd4 Be7 67. Bc3 Bh4 68. Bd2 Bf2 69. Bc3 Bg1 70. Kf4 Bh2+ 71. Ke4 Bg1 72. Kf4 Bb6 73.
Ke4 Bd8 74. Kf4 Be7 75. Ke4 1/2-1/2

[Event "Early-Titled-Tuesday-Blitz-September-12-2023"]
[Site "Chess.com"]
[Date "2023.09.12"]
[Round "10"]
[White "DarZay"]
[Black "Jaka_Brilej"]
[Result "1-0"]
[WhiteElo "2276"]
[BlackElo "2421"]
[TimeControl "180+1"]
[EndTime "9:57:23 PDT"]
[Termination "DarZay won by checkmate"]

1. e4 e6 2. d4 d5 3. Bd3 dxe4 4. Bxe4 Nf6 5. Bf3 Nbd7 6. Ne2 Bd6 7. O-O O-O 8. Ng3 Re8 9. c3 e5 10. Nf5 Bf8 11.
Re1 e4 12. Be2 Nb6 13. Ng3 c6 14. c4 g6 15. Nc3 h5 16. Bg5 Be7 17. Qd2 Be6 18.
c5 Nbd5 19. Ncxe4 Nxe4 20. Nxe4 Bf5 21. Bxe7 Rxe7 22. Nd6 Be6 23. Qg5 Rd7 24. Qh6 Qf6 25. Bf3 Ne7 26. Bxh5 Qxd4 27. Bf3 Qxc5 28. Ne4 Qf5 29. Ng5 Qf6 30. Qh7+ Kf8 31. Qh4 Qg7 32. Rxe6 fxe6 33. Nxe6+ Kg8 34. Nxg7 Kxg7 35. Qe4 Rad8 36. Qe5+ Kg8 37. h3 Nf5 38. Qe6+ Kg7 39. Be4 Re7 40.
Qc4 Rd4 41. Qc3 Rxe4 42. g4 Nd6 43. Rd1 Nb5 44. Qc1 Rxd1+ 45. Qxd1 Nd4 46. Qd3 Re1+ 47.
Kg2 Ne6 48. Qc3+ Kf7 49. Qxe1 Nf4+ 50. Kf3 Nd5 51. Qe4 g5 52. Qf5+ Ke7 53. Qxg5+ Kd7 54. Qf5+ Kd6 55. Qg6+ Kc5 56. h4 Ne7 57. Qg5+ Nd5 58. Qf5 Kd4 59. Qf6+ Kd3 60. Qf5+ Kd2 61. h5 Nb4 62. h6 Nd3 63. h7 Ne1+ 64. Kf4 Nd3+ 65. Kg5 Nxf2 66. Qxf2+ Kc1 67. h8=Q Kb1 68. Qh1+ Kxa2 69. Qd2 Kb3 70. Qc3+ Ka4 71. Qa1+ Kb5 72. Qb3+ Kc5 73. Qc1+ Kd6 74. Qf4+ Kd7 75. Qff7+ Kd8 76. Qd3+ Kc8 77. Qdd7+ Kb8 78. Qd8# 1-0

[Event "Early-Titled-Tuesday-Blitz-September-12-2023"]
[Site "Chess.com"]
[Date "2023.09.12"]
[Round "10"]
[White "Alexandr_Predke"]
[Black "Zohid6"]
[Result "1/2-1/2"]
[WhiteElo "2904"]
[BlackElo "2750"]
[TimeControl "180+1"]
[EndTime "9:57:24 PDT"]
[Termination "Game drawn by agreement"]

1. Nf3 Nf6 2. g3 d5 3. Bg2 Bg4 4. c4 c6 5. Qb3 Qb6 6. O-O e6 7. d3 Nbd7 8. Be3 Bc5 9. Bxc5 Nxc5 10. Qa3 O-O 11. Nbd2 a5 12. b3 Rfe8 13. Rac1 Ncd7 14. h3 Bh5 15. Qb2 e5 16. cxd5 cxd5 17. Kh2 a4 18. b4 a3 19. Qc3 h6 20. e3 Re6 21.
Qc7 Qb5 22. d4 e4 23. Ne5 Nxe5 24. dxe5 Ne8 25. Qc3 Be2 26. Rfe1 Bd3 27. Nb3 Rc6 28. Qd2 Rc4 29. Nd4 Qxb4 30. Rcd1 Rac8 31. Bf1 Bxf1 32. Rxf1 Qxd2 33. Rxd2 Rc1 34. Rxc1 Rxc1 35. Nb5 Nc7 36.
Nxa3 b5 37. Nc2 Kf8 38. Nb4 Rc5 39. Kg2 Ke7 40. Rb2 Ke6 41. Nc2 Kxe5 42. Nd4 g5 43. h4 f5 44. hxg5 hxg5 45. Nb3 Rc4 46. Nd4 f4 47.
gxf4+ gxf4 48. Nxb5 f3+ 49. Kg3 Nxb5 50. Rxb5 Rc1 51.
Rb2 Rg1+ 52. Kh3 Ra1 53. Rd2 Rg1 54. Kh2 Rg8 55. Kh3 Rg1 56. Kh2 Ra1 57. Kh3 Kd6 58. Kg3 Ke5 59. Kh2 d4 60. Rxd4 Rxa2 61. Kg3 Ra1 62. Rb4 Rg1+ 63. Kh3 Rg2 64. Rb5+ Kd6 65. Rb4 Kd5 66. Rd4+ Ke5 67. Rd2 Rg1 68. Kh2 1/2-1/2

[Event "Early-Titled-Tuesday-Blitz-September-12-2023"]
[Site "Chess.com"]
[Date "2023.09.12"]
[Round "10"]
[White "Sanan_Sjugirov"]
[Black "Egor_Koshulyan"]
[Result "1-0"]
[WhiteElo "2932"]
[BlackElo "2748"]
[TimeControl "180+1"]
[EndTime "9:57:27 PDT"]
[Termination "Sanan_Sjugirov won by resignation"]

1. e4 c5 2. Nf3 Nc6 3. Bb5 g5 4. h3 Nf6 5. e5 g4 6. exf6 gxf3 7. Bxc6 dxc6 8. Qxf3 Be6 9. Nc3 Qd7 10. d3 O-O-O 11.
fxe7 Qxe7 12. Be3 Bg7 13. O-O Bxc3 14. bxc3 Bd5 15. Qf5+ Kb8 16. c4 Be6 17. Qxc5 Qxc5 18. Bxc5 Rhg8 19. Kh2 Rde8 20. Rfe1 Bf5 21. g4 Bg6 22.
Kg3 f5 23. f3 fxg4 24. hxg4 h5 25. Rxe8+ Bxe8 26. Kf4 hxg4 27. fxg4 Kc7 28. Re1 b6 29. Be7 Bg6 30. g5 Re8 31. Re6 Bf7 32. Bd6+ Kd7 33. Rxe8 Bxe8 34. Bb8 a6 35. Kf5 Ke7 36. g6 Bd7+ 37. Ke5 Kf8 38. Kf6 b5 39. c5 Bg4 40.
a3 a5 41. c3 a4 42. Be5 Bf3 43.
Ke6 Kg8 44. Kd6 Bg2 45. Kc7 Bf3 46. Kb6 Bg2 47. Ka5 Bf3 48. Kb4 Bd1 49. Ka5 Be2 50. Kb6 Bf3 51. Bf6 Kf8 52. Bd4 Kg8 53. Ka5 Be2 54. Kb6 Bf3 55. Bf6 Kf8 56. g7+ Kg8 57. Kc7 Bd5 58. Kd6 Bf3 59. Ke5 Bd5 60. Kd4 Bf3 61.
c4 bxc4 62. Kxc4 Bd1 63. Kb4 Bb3 64. Ka5 Kf7 65. Bb2 Ke7 66. Be5 Kf7 67. d4 Kg8 68. d5 cxd5 69. c6 Kf7 70. c7 d4 71. c8=Q 1-0

[Event "Early-Titled-Tuesday-Blitz-September-12-2023"]
[Site "Chess.com"]
[Date "2023.09.12"]
[Round "10"]
[White "Jospem"]
[Black "amintabatabaei"]
[Result "0-1"]
[WhiteElo "3101"]
[BlackElo "3066"]
[TimeControl "180+1"]
[EndTime "9:57:28 PDT"]
[Termination "amintabatabaei won on time"]

1. e4 e5 2. Nf3 Nc6 3. Nc3 Nf6 4. h3 Bb4 5. Bd3 d6 6. O-O O-O 7. a3 Bxc3 8. dxc3 h6 9. Nh2 Be6 10. f4 exf4 11. Bxf4 Ne5 12. Nf3 Nfd7 13. Nd4 Qh4 14. Qd2 Rae8 15. Rae1 a6 16. Qe3 Ng6 17. Bg3 Qe7 18.
Qf2 Nde5 19. Kh2 Qd7 20. Nf5 f6 21. Ne3 Ne7 22. c4 Bf7 23. b3 Bg6 24. Qd2 b6 25. Nd1 a5 26. Nc3 Kh7 27. a4 N7c6 28. Nd5 Kh8 29. Bf4 Nf7 30. Re3 Nce5 31. Rg3 Bh7 32. Be3 Ng5 33. Nc3 Nef7 34. Rf4 Ne5 35. Kh1 Qc6 36. Nd5 Qd7 37. Nc3 Ng6 38. Rf1 Ne5 39. Bd4 Nc6 40. Be3 Ne5 41. Bg1 Qf7 42. Re3 Qh5 43. Bh2 Ne6 44. Nd5 Qf7 45. Qe1 Nc5 46. Qe2 Qd7 47. Bf4 Nexd3 48. cxd3 Nxb3 49. Rg3 Nd4 50. Qb2 Ne6 51. Bxh6 Qf7 52. Bd2 Qh5 53. Bc3 Qh6 54.
Nxf6 Rf7 55. Kh2 Ref8 56. Ng4 Qh5 57. Rxf7 Rxf7 58. Ne3 Qh4 59. Nd5 Qh6 60. Bd2 Qh5 61. Bc3 Qh6 62. Qe2 Kg8 63. Qg4 Kh8 64. Rf3 Rxf3 65. Qxf3 Bg8 66. Qg4 Qg5 67. Qxg5 Nxg5 68. Nxc7 Ne6 69. Nxe6 Bxe6 70. Bd4 Bd7 71. Bxb6 Bxa4 0-1

[Event "Early-Titled-Tuesday-Blitz-September-12-2023"]
[Site "Chess.com"]
[Date "2023.09.12"]
[Round "10"]
[White "bazar-wokzal"]
[Black "Abund"]
[Result "1-0"]
[WhiteElo "2580"]
[BlackElo "2735"]
[TimeControl "180+1"]
[EndTime "9:57:34 PDT"]
[Termination "bazar-wokzal won by checkmate"]

1. e4 e5 2. Bc4 Nf6 3. d3 Nc6 4. Nf3 Bc5 5. Bg5 h6 6. Bh4 Be7 7. Nc3 d6 8. O-O Na5 9. Bxf6 Bxf6 10.
h3 O-O 11. Nd5 Nxc4 12. dxc4 Be6 13. Qe2 c6 14. Nxf6+ Qxf6 15. Rfd1 Rfd8 16. Rd2 Rd7 17. Rad1 Rad8 18. Nh2 Qg6 19. Kh1 a6 20. a4 f6 21.
Nf1 d5 22. cxd5 cxd5 23. exd5 Rxd5 24. Ne3 Rxd2 25. Rxd2 Qe8 26. a5 Kh8 27. b4 Rxd2 28.
Qxd2 Qc6 29. f3 Kg8 30. Kg1 Kf7 31. Kf2 Ke7 32. Qd3 Qd6 33. Qxd6+ Kxd6 34. Ke2 Kc6 35. Kd3 Kb5 36. c3 Ka4 37. g4 Kb3 38. h4 g6 39.
Kd2 h5 40. gxh5 gxh5 41. Kd3 Bd7 42. Nd5 f5 43. Ne7 Be6 44. Ng6 Bc4+ 45. Kd2 e4 46.
fxe4 fxe4 47. Nf4 Bf7 48. Ne2 Bg6 49. Nd4+ Kc4 50. Ne2 Bf7 51. Nf4 e3+ 52. Kxe3 Kxc3 53. Nd3 Be8 54. Nc5 Bc6 55. Nd3 Bb5 56. Nf4 Kxb4 57.
Nxh5 Be8 58. Nf6 Bf7 59. h5 Bc4 60. h6 Kc3 61. h7 Bd3 62. h8=Q Bc4 63. Ne4+ Kb4 64.
Qd4 Kb5 65. Qc5+ Ka4 66. Qxc4+ Kxa5 67. Nc3 b5 68. Qb3 b4 69. Nd5 Kb5 70. Qxb4+ Kc6 71. Qa5 Kb7 72. Qb6+ Kc8 73. Qxa6+ Kb8 74. Qb6+ Ka8 75.
Nc7# 1-0

[Event "Early-Titled-Tuesday-Blitz-September-12-2023"]
[Site "Chess.com"]
[Date "2023.09.12"]
[Round "10"]
[White "wqws"]
[Black "AttilaTurzo"]
[Result "0-1"]
[WhiteElo "2650"]
[BlackElo "2478"]
[TimeControl "180+1"]
[EndTime "9:57:36 PDT"]
[Termination "AttilaTurzo won by checkmate"]

1. e4 c5 2. Nf3 d6 3. d4 cxd4 4.
Nxd4 Nf6 5. Nc3 a6 6. Bg5 e6 7. f4 Be7 8. Qf3 Qc7 9. O-O-O Nbd7 10. Bd3 O-O 11. g4 b5 12. h4 Bb7 13. Kb1 b4 14. Nce2 Nc5 15. Ng3 Rfe8 16. Nde2 d5 17. Bxf6 dxe4 18.
Nxe4 Bxf6 19. g5 Be7 20. Rhg1 Rad8 21. Nf6+ Bxf6 22. gxf6 g6 23. Qh5 Kh8 24. Qh6 Rg8 25. h5 Nxd3 26. cxd3 Bf3 27. hxg6 Rxg6 28. Rxg6 fxg6 29.
Qh2 Rf8 30. Re1 Bxe2 31. Qxe2 Rxf6 32. Qe4 Qxf4 33. Qa8+ Rf8 34. Qxa6 e5 35. Qd6 Re8 36. d4 Qf5+ 37. Ka1 e4 38. d5 Qe5 39. Qc6 e3 40. d6 e2 41. d7 Rd8 42. Qc8 Qe7 43. Rxe2 Qxd7 44. Qxd7 Rxd7 45. Kb1 Rd4 46. Kc2 h5 47. Kb3 Kg7 48. a4 bxa3 49. bxa3 h4 50. a4 g5 51. a5 Rd1 52. a6 Rb1+ 53. Rb2 Re1 54. a7 Re8 55. Kc4 Ra8 56. Rb7+ Kg6 57.
Kb5 g4 58. Kb6 g3 59. Rb8 Rxa7 60. Kxa7 Kf5 61. Kb6 h3 62. Rh8 h2 63. Kc5 g2 64.
Rf8+ Ke4 65. Re8+ Kd3 66. Rd8+ Kc3 67. Kb5 g1=Q 68. Rc8+ Kb3 69. Rd8 h1=Q 70. Rd3+ Kc2 71. Ra3 Qg5+ 72. Kb4 Qhh4# 0-1

[Event "Early-Titled-Tuesday-Blitz-September-12-2023"]
[Site "Chess.com"]
[Date "2023.09.12"]
[Round "10"]
[White "Arystanner"]
[Black "Rutricks"]
[Result "1/2-1/2"]
[WhiteElo "2833"]
[BlackElo "2688"]
[TimeControl "180+1"]
[EndTime "9:57:38 PDT"]
[Termination "Game drawn - insufficient material"]

1. d4 g6 2. c4 Bg7 3. Nc3 d6 4. e4 Nd7 5. Nge2 e5 6. Be3 Ne7 7. Qd2 O-O 8. Bh6 f5 9. Bxg7 Kxg7 10. h4 exd4 11. Nxd4 Nc5 12. h5 f4 13. hxg6 Nxg6 14. O-O-O Rf7 15. Be2 Qe8 16. Bh5 Kg8 17. g3 fxg3 18.
Bxg6 hxg6 19. Qh6 Qe5 20. fxg3 Bg4 21. Rd2 Bh5 22. g4 Bxg4 23. Qxg6+ Qg7 24. Qxg7+ Rxg7 25. Rdh2 Kf7 26. Rf1+ Kg8 27. Nd5 Rf8 28. Nf6+ Rxf6 29. Rxf6 Nxe4 30. Rf4 Nc5 31. Kd2 Nd7 32. Nf5 Bxf5 33.
Rxf5 Ne5 34. b3 Rf7 35. Rxf7 Nxf7 36. Ke3 Kf8 37. Kd4 Ke7 38. Rh7 Kf6 39. b4 Ng5 40.
Rh8 Ke7 41. a4 a5 42. Rb8 Ne6+ 43. Kd5 Kd7 44. bxa5 Nc5 45. Kd4 Nb3+ 46. Kc3 Nxa5 47. Rh8 b6 48. Kb4 Kc6 49. Rh5 Nb7 50. Rh8 Nc5 51. a5 Na6+ 52. Ka4 Nc5+ 53. Kb4 Na6+ 54. Ka4 Nc5+ 55. Ka3 bxa5 56. Ra8 a4 57. Kb4 Nd3+ 58. Kxa4 Nc5+ 59. Kb4 Nd3+ 60. Kc3 Nc5 61. Ra1 Ne4+ 62.
Kd4 Nc5 63. Rb1 Ne6+ 64. Kc3 Nc5 65. Re1 Na4+ 66. Kb4 Nc5 67. Ka5 Nb7+ 68. Ka6 Nc5+ 69. Ka7 d5 70. cxd5+ Kxd5 71. Kb8 c6 72. Kc7 Ne6+ 73. Kb6 c5 74. Rd1+ Nd4 75. Rc1 c4 76. Ka5 c3 77. Kb4 c2 78. Ka3 Kc4 79. Kb2 Kd3 80. Rh1 Kd2 81. Rh2+ Ne2 82. Rxe2+ Kxe2 83. Kxc2 1/2-1/2

[Event "Early-Titled-Tuesday-Blitz-September-12-2023"]
[Site "Chess.com"]
[Date "2023.09.12"]
[Round "10"]
[White "Viacheslav92"]
[Black "tylityli"]
[Result "0-1"]
[WhiteElo "2487"]
[BlackElo "2334"]
[TimeControl "180+1"]
[EndTime "9:57:41 PDT"]
[Termination "tylityli won on time"]

1. e4 e5 2. Nf3 Nc6 3. Bb5 a6 4. Bxc6 dxc6 5. O-O Ne7 6. d4 exd4 7. Qxd4 Qxd4 8. Nxd4 Bd7 9. Nc3 O-O-O 10. Be3 Ng6 11.
Rfd1 f6 12. f3 Bd6 13. Nb3 h5 14. Nc5 h4 15. Nxd7 Rxd7 16. h3 Rhd8 17. Kf1 Ne5 18. b3 Bb4 19. Rxd7 Rxd7 20. Ne2 Bd2 21. Kf2 g5 22. Nd4 Bc3 23. Rd1 c5 24. Ne2 Rxd1 25.
Nxc3 Rd7 26. Nd5 Rf7 27. Bxc5 b6 28. Be3 Kd7 29. Ke2 Ke6 30. Bd4 Rd7 31. Bc3 b5 32. Bb4 c6 33. Ne3 Rc7 34. Bc3 Ng6 35. Nf5 Nf4+ 36.
Kf2 c5 37. Bd2 Ng6 38. Be3 Ne5 39. Ke2 a5 40. Kd2 a4 41. Kc3 b4+ 42. Kd2 a3 43. Ke2 Nd7 44. Kd3 Nb6 45. Ke2 Nc8 46. Kd3 Nd6 47. Nxd6 Kxd6 48. Kc4 Rc8 49. c3 bxc3 50. Kxc3 Kc6 51. Kc4 Kd6 52. Bf2 Rc6 53. Be3 Rc8 54. Bf2 Ke5 55. Be3 f5 56. Bxg5 fxe4 57. fxe4 Rg8 58.
Bxh4 Rxg2 59. Be7 Rxa2 60. Bxc5 Kxe4 61. b4 Rb2 62. Bd4 Rc2+ 63. Kb3 Rh2 64. Ba1 Rxh3+ 65.
Ka4 a2 66. b5 Kd5 67. Kb4 Rf3 68. Ka5 Kc5 69. Ka4 Kc4 70. b6 Rb3 71. Ka5 Rb1 72. Be5 a1=Q+ 0-1

[Event "Early-Titled-Tuesday-Blitz-September-12-2023"]
[Site "Chess.com"]
[Date "2023.09.12"]
[Round "10"]
[White "cthulhuuu"]
[Black "wannabe2700"]
[Result "1/2-1/2"]
[WhiteElo "2480"]
[BlackElo "2613"]
[TimeControl "180+1"]
[EndTime "9:57:42 PDT"]
[Termination "Game drawn - insufficient material"]

1. e4 d6 2. d4 Nf6 3. Nc3 g6 4. f4 Bg7 5. Nf3 O-O 6. e5 dxe5 7. dxe5 Qxd1+ 8. Nxd1 Nd5 9. g3 f6 10. exf6 exf6 11.
Bc4 Be6 12. Nc3 Nxf4 13. Bxe6+ Nxe6 14. O-O Nc6 15. Re1 Ned4 16. Nxd4 Nxd4 17. Re7 Nxc2 18. Rb1 Rf7 19. Rxf7 Kxf7 20. Bf4 c6 21. Ne4 g5 22.
Bd2 Rd8 23. Bc3 Nd4 24. Kg2 Nb5 25. Bxf6 Bxf6 26. Rf1 Rd6 27. a4 Rd4 28. Nxf6 Rxa4 29. Nxh7+ Kg6 30. Nf8+ Kh6 31. Ne6 g4 32. Rf7 Rb4 33.
Rxb7 Rxb2+ 34. Kg1 a5 35. Rb6 Rc2 36. Ra6 Nc3 37. Rxa5 Nd1 38. Rc5 Rxc5 39. Nxc5 Kg5 40.
Kf1 Kf5 41. Ke2 Nb2 42. Nb3 Ke4 43. Nd2+ Kd4 44. Nb3+ Kc4 45. Na5+ Kd5 46. Ke3 Nc4+ 47. Nxc4 Kxc4 48. Kf4 c5 49. Kxg4 Kd3 50. h4 c4 51.
h5 c3 52. h6 c2 53. h7 c1=Q 54. h8=Q Qd1+ 55. Kf4 Qf1+ 56. Kg5 Qc1+ 57. Kg6 Ke4 58. Qe8+ Kf3 59. Qa8+ Kxg3 60. Qb8+ Kf3 61. Qa8+ Kg3 62.
Qb8+ Kg2 63. Qa8+ Kf2 64. Qa7+ Kf3 65. Qb7+ Kg4 66. Qd7+ Kg3 67. Qd6+ Kf3 68. Qd5+ Kf2 69. Qf5+ Ke2 70. Qg4+ Kf2 71. Qf5+ Kg2 72. Qg5+ Qxg5+ 73. Kxg5 1/2-1/2

[Event "Early-Titled-Tuesday-Blitz-September-12-2023"]
[Site "Chess.com"]
[Date "2023.09.12"]
[Round "10"]
[White "gaby_przz"]
[Black "Forge13"]
[Result "0-1"]
[WhiteElo "2428"]
[BlackElo "2613"]
[TimeControl "180+1"]
[EndTime "9:57:43 PDT"]
[Termination "Forge13 won on time"]

1. e4 e6 2. d4 d5 3. Nc3 Nf6 4.
Bg5 dxe4 5. Nxe4 Be7 6. Bxf6 gxf6 7. Nf3 f5 8. Nc3 a6 9. g3 b5 10. Bg2 Bb7 11. O-O b4 12. Na4 Nd7 13. Qe2 O-O 14. Ne5 Bxg2 15. Kxg2 Nxe5 16. dxe5 Qd5+ 17. Kg1 Rfd8 18.
b3 Qb5 19. Qe3 Rd7 20. c4 bxc3 21. Qxc3 Rad8 22. Rac1 Ba3 23. Rc2 Bb4 24. Qc4 Kf8 25. Nc5 Bxc5 26. Qxc5+ Qxc5 27. Rxc5 Rd2 28. Ra5 R8d5 29.
Rxa6 Rxe5 30. Rc6 Rxa2 31. Rxc7 Rb2 32. Rb7 Ree2 33. b4 Kg7 34. b5 Re5 35. b6 Reb5 36.
Rc7 Rxb6 37. Rd1 Rb1 38. Rxb1 Rxb1+ 39. Kg2 Rb4 40. Ra7 h5 41. h4 f4 42. Ra5 Kg6 43.
Rg5+ Kh6 44. Ra5 fxg3 45. Kxg3 Rg4+ 46. Kh3 Kg6 47. Rb5 Rg1 48. Rc5 f6 49. Kh2 Rg4 50. Kh3 e5 51. f3 Rg1 52. Kh2 Ra1 53. Kg3 Ra3 54. Kg2 Kf5 55. Rc8 Ra2+ 56. Kg3 Ra3 57. Kg2 Ra4 58. Kg3 Kg6 59. Rg8+ Kh6 60. Rh8+ Kg6 61. Rg8+ Kh7 62. Rf8 Kg7 63. Rb8 Ra3 64.
Kg2 Rc3 65. Rd8 Kf7 66. Rh8 Kg6 67. Rg8+ Kf5 68. Rh8 Kf4 69. Rxh5 Rxf3 70. Rh6 Rg3+ 71. Kf2 f5 72. h5 Rh3 73. Rh8 e4 74. h6 Rh2+ 75.
Kg1 Rh5 76. Kg2 Kg5 77. h7 Kg6 0-1

[Event "Early-Titled-Tuesday-Blitz-September-12-2023"]
[Site "Chess.com"]
[Date "2023.09.12"]
[Round "10"]
[White "Hikaru"]
[Black "LevonAronian"]
[Result "0-1"]
[WhiteElo "3226"]
[BlackElo "3072"]
[TimeControl "180+1"]
[EndTime "9:57:49 PDT"]
[Termination "LevonAronian won by resignation"]

1. a3 g6 2. e4 c5 3. Nf3 Bg7 4. d4 cxd4 5. Nxd4 Nc6 6. Nb3 b6 7. c4 Ba6 8. Ra2 Rc8 9. N3d2 e6 10. b4 Bb7 11. Bb2 Bxb2 12. Rxb2 Nf6 13. c5 O-O 14. Be2 bxc5 15. bxc5 Na5 16. Bf3 Rxc5 17. O-O d5 18.
exd5 Bxd5 19. Qa4 Nc4 20. Nxc4 Rxc4 21. Qb5 Qc7 22. Bxd5 Nxd5 23. Nd2 Rc3 24. a4 Rd8 25. Nf3 Kg7 26. h3 h6 27. Re1 Rc1 28. Rb1 Rxe1+ 29. Rxe1 Rb8 30. Qe2 Qc3 31. Rd1 Rb2 32. Qa6 Qc5 33.
Rf1 Nf4 34. h4 e5 35. Nh2 Qd5 36. Nf3 e4 37. Nh2 e3 38. Nf3 Qc5 39. Kh2 Rxf2 40. Rxf2 exf2 41. Nd2 Qe3 42. Nf1 Qe4 43. Kg3 g5 44. hxg5 hxg5 45. Kxf2 Qxg2+ 46. Ke3 Qd5 47. Kf2 Qa2+ 48. Kf3 Qd5+ 49. Kf2 Qd4+ 50. Kf3 Nd5 51. Qd6 Qf4+ 52. Qxf4 Nxf4 53. Ne3 Kf6 54. Ke4 Ke6 55. a5 Ng6 56. Nf5 Ne7 57. Nd4+ Kd7 58.
a6 g4 59. Nb5 f5+ 60. Kf4 Nc6 61. Nc3 Nd4 62. Ke5 Nf3+ 63. Kf4 Kc6 64. Ne2 Nh4 65. Kg5 Nf3+ 66. Kxf5 Nh2 67. Kf4 Kb5 68. Kg3 Nf1+ 69. Kxg4 Kxa6 70. Kf4 Kb5 71. Ke4 Kc4 72. Nd4 a5 73.
Nf5 a4 74. Nd6+ Kc3 75. Kd5 Ne3+ 76. Ke4 Nc2 77. Kf3 Kb4 78. Ke2 a3 79. Kd2 a2 80.
Kxc2 a1=Q 81. Kd3 Qa2 82. Ke4 Qb3 83. Ke5 Kc5 84. Ne4+ Kc6 85. Kd4 Qb4+ 86. Ke3 Kd5 87. Nd2 Qc3+ 88. Ke2 Kd4 89. Nf3+ Ke4 90. Nd2+ Kf4 91.
Kd1 Qd3 92. Kc1 Ke3 93. Nb1 Qc4+ 0-1

[Event "Early-Titled-Tuesday-Blitz-September-12-2023"]
[Site "Chess.com"]
[Date "2023.09.12"]
[Round "10"]
[White "Amirreza_p"]
[Black "wild3000"]
[Result "1-0"]
[WhiteElo "2557"]
[BlackElo "2428"]
[TimeControl "180+1"]
[EndTime "9:57:52 PDT"]
[Termination "Amirreza_p won on time"]

1. Nf3 b6 2. g3 Bb7 3. Bg2 g6 4. O-O Bg7 5. c4 Nf6 6. Nc3 O-O 7. b3 c5 8. Bb2 Nc6 9. d4 Nxd4 10. Nxd4 Bxg2 11. Kxg2 cxd4 12. Qxd4 d6 13. Rfd1 Qd7 14. Rac1 h5 15. Nd5 Ne8 16. Qd2 Bxb2 17. Qxb2 Nc7 18.
Nxc7 Qxc7 19. Qd4 Qc5 20. Qxc5 bxc5 21. e4 f6 22. f4 a5 23. e5 dxe5 24. fxe5 a4 25. Rd5 axb3 26. axb3 Ra2+ 27. Kg1 fxe5 28. Rf1 Rb8 29. Rf3 e4 30. Re3 Rf8 31. Rxe4 Ra1+ 32. Kg2 Ra2+ 33. Kh3 Rff2 34. Kh4 Rxh2+ 35. Kg5 Kf7 36.
Rde5 Ra7 37. Rf4+ Kg7 38. Re6 Rb2 39. Rxg6+ Kh7 40. Rf7+ Kh8 41. Rb6 Kg8 42. Kg6 Ra8 43. Rxe7 Rg2 44. Rg7+ Kh8 45. Rh7+ Kg8 46. Rg7+ Kh8 47.
Kh6 h4 48. Rh7+ Kg8 49. Rg6+ Kf8 50. Rh8+ Kf7 51. Rxa8 h3 52. Ra1 h2 53. Rh1 Rb2 54. Rg7+ Kf6 55. Rg4 Kf5 56. Rh4 Rxb3 57. R1xh2 Kf6 58.
Rh5 Rb8 59. Rf2+ Ke6 60. Rxc5 Rg8 61. Rc6+ Kd7 62. Rg6 Rc8 63. Kg7 Rxc4 64. Rf7+ Ke8 65. g4 Rc3 66. Re6+ Kd8 67. Rg6 Ke8 68. g5 Rc4 69.
Re6+ Kd8 70. g6 Rg4 71. Ref6 Ke8 72. Kg8 1-0

[Event "Early-Titled-Tuesday-Blitz-September-12-2023"]
[Site "Chess.com"]
[Date "2023.09.12"]
[Round "10"]
[White "seopie"]
[Black "Roman_Ovetchkin"]
[Result "1/2-1/2"]
[WhiteElo "2819"]
[BlackElo "2662"]
[TimeControl "180+1"]
[EndTime "9:57:55 PDT"]
[Termination "Game drawn - timeout vs insufficient material"]

1. d4 Nf6 2. c4 c5 3. d5 b5 4.
cxb5 a6 5. bxa6 g6 6. Nc3 Bg7 7.
a7 Rxa7 8. e4 O-O 9. Nf3 Ba6 10.
Bxa6 Rxa6 11. O-O d6 12. Re1 Nfd7 13. Bf4 Qb6 14. Qd2 Rc8 15. e5 c4 16. e6 fxe6 17. dxe6 Nc5 18. Nd5 Qd8 19. Bg5 Nc6 20. Rac1 Nd3 21. Rxc4 Nxe1 22. Qxe1 Bf8 23. a3 Ne5 24.
Nxe5 dxe5 25. Rxc8 Qxc8 26. Bxe7 Rxe6 27. Bxf8 Qxf8 28.
h3 Qc5 29. Ne3 Qd4 30. Qe2 Rc6 31. Kh2 Rc1 32. Ng4 e4 33. Qa6 Rc7 34. Qe6+ Kg7 35. b4 Rf7 36. b5 h5 37. Ne5 Rxf2 38. Qxg6+ Kf8 39. Qxh5 Qe3 40. Qg4 Qe2 41. Qxe2 Rxe2 42. a4 Rb2 43. Kg3 Ke7 44. Ng4 Ke6 45. Kf4 Rb4 46.
Ne3 Rxa4 47. g4 Rb4 48. h4 Rxb5 49. Kxe4 Rb4+ 50. Kf3 Ke5 51. h5 Rb3 52. h6 Kf6 53. Kf4 Rb4+ 54. Kf3 Kg5 55. Nf5 Rb3+ 56. Ke4 Kxg4 57. h7 Rh3 58. Ne3+ Kg5 59. Nd5 Rxh7 60. Ke5 Rh1 61. Nc3 Re1+ 62. Ne4+ Kg4 63. Kd5 Kf4 64. Nc5 Re5+ 65. Kd4 Re8 66. Nd3+ Kf5 67. Nc5 Rd8+ 68. Kc4 Ke5 69. Nd3+ Ke4 70. Nc5+ Ke3 71. Ne6 Rd6 72. Nc5 Rd4+ 73. Kb5 Rh4 74. Nb3 Kd3 75. Nc5+ Kd4 76. Nb3+ Kd5 77. Nc5 Rh1 78. Nb3 Rh4 79. Nc5 Rg4 80.
Nb3 Rc4 81. Na5 1/2-1/2

[Event "Early-Titled-Tuesday-Blitz-September-12-2023"]
[Site "Chess.com"]
[Date "2023.09.12"]
[Round "10"]
[White "Boundless_Strike"]
[Black "Jenia84"]
[Result "1-0"]
[WhiteElo "2603"]
[BlackElo "2360"]
[TimeControl "180+1"]
[EndTime "9:58:02 PDT"]
[Termination "Boundless_Strike won on time"]

1. d4 Nf6 2. Nc3 d5 3. e4 Nxe4 4. Nxe4 dxe4 5. Be3 e5 6. dxe5 Qxd1+ 7. Rxd1 Nc6 8. f4 exf3 9. Nxf3 Bg4 10. Bb5 Bd7 11.
O-O Be7 12. Bg5 a6 13. Bc4 Bg4 14. Bxe7 Kxe7 15. Bd5 Bxf3 16. Rxf3 Nxe5 17. Re3 f6 18. Bxb7 Rab8 19. Bd5 Rxb2 20. Bb3 a5 21. Rd5 a4 22. Bxa4 Rd8 23. Bb3 Rxd5 24. Bxd5 Rxc2 25. Bb3 Rb2 26. h3 c5 27. Re1 Kd6 28. Rd1+ Kc7 29. Rc1 Kb6 30.
Kh2 Nf3+ 31. Kg3 Nd4 32. Bg8 h6 33. Re1 Nc6 34. Re8 Kc7 35. Rf8 Ne5 36. Ra8 c4 37.
Ra7+ Kd6 38. Ra8 Kc5 39. Rc8+ Kd4 40. a4 c3 41. a5 c2 42. a6 Rb6 43. a7 Ra6 44. Rxc2 Rxa7 45. Rc8 Ra3+ 46. Kh2 Rc3 47. Rd8+ Ke3 48. Ra8 Rc2 49. Ra7 g5 50. Ra6 f5 51.
Ra3+ Kd4 52. Be6 f4 53. Ra4+ Ke3 54. Ra3+ Nd3 55. Bf5 Rd2 56. h4 Ke2 57. hxg5 hxg5 58. Bg4+ Ke1 59. Ra1+ Kf2 60. Kh3 Ne5 61. Bh5 Rd3+ 62.
Kh2 g4 63. Ra2+ Ke1 64. Ra1+ Rd1 65. Ra5 g3+ 66. Kh3 Nd3 67. Bxd1 Nf2+ 68. Kh4 Kxd1 69. Ra4 Nd3 70. Kg4 Ke2 71. Ra3 Kd2 72. Kf3 Kc2 73. Ra1 Kd2 74. Ra2+ Ke1 75. Ra4 Kf1 76. Rd4 Ne1+ 77. Kxf4 Kxg2 78. Re4 Nd3+ 79. Ke3 Nf2 80. Re8 Kg1 81. Rg8 g2 82. Kf3 Kf1 83. Rxg2 Nd3 84. Rd2 Ne1+ 85. Kg3 1-0